 Dungeon Sprint DCSS version 0.16-a0-3803-gd4b2de5 (webtiles) character file.

380 PolkaDot the Summoner (level 6, 0/53 HPs)
             Began as a Vampire Summoner on Jan 26, 2015.
             Was a Priest of Sif Muna.
             Slain by a swamp drake (10 damage)
             ... in the Dungeon (Sprint V: "Ziggurat Sprint").
             The game lasted 00:03:39 (375 turns).

PolkaDot the Summoner (Vampire Summoner)             Turns: 375, Time: 00:03:40

Health: 0/53       AC:  9    Str: 10    XL:     6   Next: 46%
Magic:  10/24      EV: 12    Int: 37    God:    Sif Muna [***...]
Gold:   0          SH:  0    Dex: 14    Spells: 5 memorised, 2 levels left

rFire  . . .     SeeInvis +     C - +6 Majin-Bo {vamp, Archmagi MP+6 Int+6}
rCold  + . .     Clarity  .     E - +2 robe {rC+}
rNeg   + + .     SustAb   .     (no shield)
rPois  .         Gourm    .     (no helmet)
rElec  .         Spirit   .     (no cloak)
rCorr  .         Warding  .     a - +2 pair of gloves {Str+3}
rMut   .         NoTele   +     n - +1 pair of boots "Uheeth" {rN++}
MR     .....                    c - amulet of regeneration
Stlth  ++........               B - +6 ring of intelligence
                                A - +6 ring of intelligence

@: very slightly contaminated, regenerating quickly, not resistant to hostile
enchantments, unstealthy
A: bottle blood, fangs 3, see invisible, unbreathing
a: Channel Energy, Forget Spell, Renounce Religion


You were in the Dungeon.
You worshipped Sif Muna.
Sif Muna was most pleased with you.
You were full.

You visited 1 branch

Inventory:

Hand weapons
 C - the +6 Majin-Bo (weapon) {vamp, Archmagi MP+6 Int+6}
   (You found it in the Dungeon)

   It inflicts no extra harm, but heals its wielder somewhat when it strikes a
   living foe.
   It affects your intelligence (+6).
   It affects your magic capacity (+6).
Armour
 a - a +2 pair of gloves of strength (worn)
 n - the +1 pair of boots "Uheeth" (worn) {rN++}
   (You found it in the Dungeon)

   It greatly protects you from negative energy.
 E - a +2 robe of cold resistance (worn)
Jewellery
 c - an amulet of regeneration (around neck)
 A - a +6 ring of intelligence (left hand)
 B - a +6 ring of intelligence (right hand)
Magical devices
 w - a wand of disintegration (7)
 x - a wand of fire (5)
 y - a wand of cold (5)
 z - a wand of draining (5)
Scrolls
 i - 4 scrolls of blinking
 q - 4 scrolls of amnesia
 r - 3 scrolls of recharging
 s - 7 scrolls of fog
 t - 5 scrolls of identify
 u - 5 scrolls of remove curse
 v - 2 scrolls of fear
Potions
 d - 9 potions of curing
 e - 9 potions of heal wounds
 f - 6 potions of haste
 g - 7 potions of magic
 h - 3 potions of berserk rage
 j - 2 potions of brilliance
 k - 2 potions of invisibility
 l - 2 potions of restore abilities
 m - 4 potions of resistance
 o - 5 potions of agility
 p - 5 potions of might
Books
 b - a book of Callings

   Spells                             Type                      Level
   a - Summon Small Mammal            Summoning                    1
   b - Call Imp                       Summoning                    2
   c - Call Canine Familiar           Summoning                    3
   d - Summon Guardian Golem          Hexes/Summoning              4
   e - Summon Lightning Spire         Summoning/Air                4
   f - Summon Ice Beast               Ice/Summoning                4
Miscellaneous
 D - a phantom mirror


   Skills:
 - Level 6.7 Fighting
 + Level 5.0 Staves
 - Level 2.1 Dodging
 - Level 3.0 Stealth
 + Level 6.0 Spellcasting
 * Level 9.6 Summonings


You had 2 spell levels left.
You knew the following spells:

 Your Spells              Type           Power        Failure   Level  Hunger
d - Call Canine Familiar  Summ           #######.     1%          3    None
g - Summon Guardian Gole  Hex/Summ       ######..     6%          4    ##.....
i - Summon Ice Beast      Ice/Summ       ######..     6%          4    ##.....
r - Regeneration          Chrm/Necr      ###.......   12%         3    None
z - Summon Small Mammal   Summ           ####         1%          1    None


Dungeon Overview and Level Annotations

Branches:
Dungeon (1/1)

Altars:
Ashenzari
Cheibriados
Dithmenos
Elyvilon
Fedhas
Gozag
Kikubaaqudgha
Makhleb
Nemelex Xobeh
Okawaru
Qazlal
Ru
Sif Muna
Trog
Vehumet
Xom
Yredelemnul
Zin
The Shining One
Beogh
Jiyva
Lugonu


Innate Abilities, Weirdness & Mutations

Your natural rate of healing is unusually fast.
You can bottle blood from corpses.
You have razor-sharp teeth.
You have supernaturally acute eyesight.
You can survive without breathing.


Message History

You closely miss the swamp drake.
The swamp drake is severely wounded.
The steam dragon misses you.
The steam dragon claws you but does no damage.
The swamp drake bites you.
* * * LOW HITPOINT WARNING * * *
The swamp drake bites you!
* * * LOW HITPOINT WARNING * * *
The steam dragon bites you but does no damage.
The steam dragon claws you but does no damage.
Your ice beast hits the steam dragon.
Your ice beast freezes the steam dragon!
You closely miss the swamp drake.
The swamp drake is severely wounded.
The steam dragon bites you.
* * * LOW HITPOINT WARNING * * *
The steam dragon barely misses you. The steam dragon breathes steam at you.
The ball of steam misses you. The swamp drake bites you!
You die...

▓.....▓.....▓▓▓▓▓▓▓
▓▓▓▓▓▓▓▓▓▓▓▓▓▓▓▓▓▓
▓..8©8...▓..8©8...▓
▓..|:|...▓..":=...▓
▓...=....▓..:.}...▓
▓..h.....▓........▓
▓........▓...Y....▓
▓........▓.▓kDD.▓.▓
▓........▓...@k...▓
▓▓▓▓▓▓▓▓▓▓▓▓▓▓▓▓▓▓▓


You could see 2 swamp drakes, 2 steam dragons and a friendly ice beast.

Vanquished Creatures
  A steam dragon (D)
  A scorpion (D)
  An iguana (D)
  An orc wizard (D)
  A sheep (D)
  A shadow imp (D)
  An ufetubus (D)
  2 orcs (D)
9 creatures vanquished.

Vanquished Creatures (collateral kills)
  A jumping spider (D)
  2 giant mites (D)
  A shadow imp (D)
  An ufetubus (D)
5 creatures vanquished.

Vanquished Creatures (others)
  A spatial maelstrom (D)
  An ice beast (D)
2 creatures vanquished.

Grand Total: 16 creatures vanquished

Notes
Turn   | Place    | Note
--------------------------------------------------------------
     0 | D        | PolkaDot, the Vampire Summoner, began the quest for the Orb.
     0 | D        | Reached XP level 1. HP: 13/13 MP: 3/3
     0 | D        | Found a corrupted altar of Lugonu.
     0 | D        | Found a viscous altar of Jiyva.
     0 | D        | Found a white marble altar of Elyvilon.
     0 | D        | Found a burning altar of Makhleb.
     0 | D        | Found an iron altar of Okawaru.
     0 | D        | Banished a spatial maelstrom
     2 | D        | Found a sparkling altar of Nemelex Xobeh.
     2 | D        | Found a basalt altar of Yredelemnul.
     2 | D        | Found a deep blue altar of Sif Muna.
     2 | D        | Found a radiant altar of Vehumet.
     6 | D        | Found a bloodstained altar of Trog.
    21 | D        | Reached skill level 6 in Fighting
    21 | D        | Reached XP level 2. HP: 16/29 MP: 3/4
    23 | D        | Became a worshipper of Sif Muna the Loreminder
    27 | D        | Found a shimmering altar of Xom.
   130 | D        | Entered arena 1.
   130 | D        | Noticed an iguana
   134 | D        | Killed an iguana
   134 | D        | Reached skill level 1 in Staves
   134 | D        | Reached XP level 3. HP: 22/35 MP: 6/6
   137 | D        | Reached skill level 5 in Summonings
   148 | D        | Got the +1 pair of boots "Uheeth" {rN++}
   161 | D        | Learned a level 3 spell: Call Canine Familiar
   161 | D        | Entered arena 2.
   161 | D        | Noticed an orc wizard
   166 | D        | Killed an orc wizard
   166 | D        | Acquired Sif Muna's first power
   166 | D        | Reached XP level 4. HP: 41/41 MP: 9/9
   186 | D        | Entered arena 3.
   220 | D        | Learned a level 4 spell: Summon Ice Beast
   220 | D        | Entered arena 4.
   220 | D        | Noticed a scorpion
   220 | D        | Noticed a jumping spider
   231 | D        | Killed a scorpion
   231 | D        | Acquired Sif Muna's second power
   231 | D        | Reached skill level 7 in Summonings
   231 | D        | Reached XP level 5. HP: 12/47 MP: 6/13
   243 | D        | Killed a jumping spider
   243 | D        | Reached skill level 5 in Spellcasting
   243 | D        | Reached skill level 8 in Summonings
   243 | D        | Reached XP level 6. HP: 28/53 MP: 4/18
   352 | D        | Learned a level 3 spell: Regeneration
   362 | D        | Learned a level 4 spell: Summon Guardian Golem
   364 | D        | Entered arena 5.
   364 | D        | Noticed a steam dragon
   364 | D        | Noticed a swamp drake
   364 | D        | Noticed a steam dragon
   364 | D        | Noticed a steam dragon
   364 | D        | Noticed a swamp drake
   371 | D        | Killed a steam dragon
   371 | D        | Reached skill level 5 in Staves
   371 | D        | Reached skill level 9 in Summonings
   375 | D        | Slain by a swamp drake

Action                   |  1- 3 |  4- 6 || total
-------------------------+-------+-------++-------
Melee: Quarterstaff      |     8 |    17 ||    25
 Cast: Summon Ice Beast  |       |     5 ||     5
       Call Canine Famil |       |     2 ||     2
  Use: Potion            |     4 |     2 ||     6
 Stab: Sleeping          |     1 |       ||     1
  Eat: Corpse            |     1 |       ||     1
